 Dungeon Crawl Stone Soup version 0.19-a0-1587-gaef70b6 (webtiles) character file.

396 dvd the Stinger (level 6, -3/38 HPs)
             Began as an Octopode Venom Mage on Sept 16, 2016.
             Slain by an ogre
             ... wielding a +0 giant spiked club
              (27 damage)
             ... on level 4 of the Dungeon.
             The game lasted 00:10:25 (4661 turns).

dvd the Stinger (Octopode Venom Mage)               Turns: 4661, Time: 00:10:26

Health: -3/38      AC:  1    Str:  7    XL:     6   Next: 82%
Magic:  3/11       EV: 12    Int: 20    God:
Gold:   269        SH:  0    Dex: 12    Spells: 2 memorised, 7 levels left

rFire  . . .     SeeInvis .     a - +2 hand axe (elec)
rCold  . . .     Gourm    .     (no shield)
rNeg   . . .     Faith    .     (helmet restricted)
rPois  +         Spirit   .     (no amulet)
rElec  .         Dismiss  .     k - ring of poison resistance
rCorr  .         Reflect  .     l - -2 ring of evasion (curse)
MR     .....     Harm     .     (no ring)
Stlth  ++++......               (no ring)
                                (no ring)
                                (no ring)
                                (no ring)
                                (no ring)

@: radiating poison
A: almost no armour, stealthy swim, amphibious, 8 rings, constrict 8, camouflage
1, gelatinous body 1
a: no special abilities


You were on level 4 of the Dungeon.
You were not hungry.

You visited 1 branch of the dungeon, and saw 4 of its levels.

You collected 269 gold pieces.

Inventory:

Hand Weapons
 a - a +2 hand axe of electrocution (weapon)
 n - a +0 short sword
 p - a +0 hand axe of freezing
 t - a +0 falchion
Jewellery
 k - a ring of poison resistance (left tentacle)
 l - a cursed -2 ring of evasion (right tentacle)
Scrolls
 e - 2 scrolls of amnesia
 f - 2 scrolls of recharging
 q - 3 scrolls of identify
 s - a scroll of teleportation
Potions
 c - a potion of ambrosia {unknown}
 g - a potion of might {unknown}
 i - a potion of berserk rage
 m - 2 potions of curing {unknown}
 r - a potion of flight {unknown}
Books
 d - a Young Poisoner's Handbook

   Spells                             Type                      Level
   a - Sting                          Conjuration/Poison           1
   b - Mephitic Cloud                 Conjuration/Poison/Air       3
   c - Olgreb's Toxic Radiance        Poison                       4
   d - Alistair's Intoxication        Transmutation/Poison         5
   e - Venom Bolt                     Conjuration/Poison           5
Comestibles
 b - 4 bread rations
 h - 10 fruits
 o - a meat ration


   Skills:
 + Level 1.0 Fighting
 + Level 1.6 Short Blades
 + Level 0.4 Axes
 + Level 2.6 Dodging
 + Level 4.3 Stealth
 + Level 3.6 Spellcasting
 + Level 1.2 Conjurations
 + Level 6.8 Poison Magic


You had 7 spell levels left.
You knew the following spells:

 Your Spells              Type           Power        Failure   Level  Hunger
a - Sting                 Conj/Pois      ###.         2%          1    None
b - Olgreb's Toxic Radia  Pois           ####....     10%         4    ####...


Dungeon Overview and Level Annotations

Branches:
Dungeon (4/15)
 Temple: D:4-7

Altars:
Kikubaaqudgha


Innate Abilities, Weirdness & Mutations

You cannot wear most types of armour.
You are very stealthy in the water.
You are amphibious.
You can wear up to eight rings at the same time.
You can use your tentacles to constrict eight enemies at once.
Your skin changes colour to match your surroundings (Stealth+).
Your rubbery body absorbs attacks. (AC +1, EV +1)


Message History

The sting hits the ogre.
The ogre looks even sicker.
The ogre is moderately wounded.
You hit the ogre but do no damage.
The ogre is severely wounded.
The ogre hits you with a giant spiked club!
Casting: Sting
Confirm with . or Enter, or press ? or * to list all spells.
Aiming: Sting
Press: ? - help, Shift-Dir - straight line, f/p - ogre
Aim: an ogre, wielding a giant spiked club (almost dead, poisoned)
The sting hits the ogre.
The ogre appears unharmed.
The ogre is almost dead.
The ogre barely misses you.
The ogre looks more healthy.
Casting: Sting
Confirm with . or Enter, or press ? or * to list all spells.
You begin to radiate toxic energy.
The ogre is poisoned.
The ogre hits you with a giant spiked club!!
Ouch! That really hurt!
You die...

#..# ## #.#..# ##.# #....# #.#
##...# #.# #...# #.######
.######..## ##.#.#.##
........... #.......#
#######..## ##.#O#.##.# #..#
#...@.....# #..# ##.#.#.#.##
#..# ########......<.# #..#
#......##.#.#.### #..#
######.###..##.##.#.#########..#
.......# #..##.................#
.#####.###..#######.#########..#
.### #......# #............#
.>.# ######.# #†##########.#


You could see an ogre.

Vanquished Creatures
  The ghost of dvd the Stinger, an amateur OpVM (D:4)
  A scorpion (D:4)
  4 adders
  A gnoll (D:2)
  5 worms (D:2)
  5 dart slugs
  3 leopard geckos
  10 orcs
  6 giant cockroaches
  10 goblins
  8 hobgoblins
  12 jackals
  3 quokkas
  A ball python (D:3)
  7 bats
  5 frilled lizards
  4 kobolds
  7 rats
93 creatures vanquished.

Notes
Turn   | Place    | Note
-------+----------+-------------------------------------------
     0 | D:1      | dvd the Octopode Venom Mage began the quest for the Orb.
     0 | D:1      | Reached XP level 1. HP: 11/11 MP: 3/3
   236 | D:1      | Reached skill level 5 in Poison Magic
   514 | D:1      | Reached XP level 2. HP: 17/17 MP: 1/5
  1028 | D:1      | Reached XP level 3. HP: 17/21 MP: 1/6
  1650 | D:1      | Reached XP level 4. HP: 27/27 MP: 5/7
  1807 | D:1      | Learned a level 4 spell: Olgreb's Toxic Radiance
  1973 | D:2      | Reached skill level 1 in Short Blades
  2748 | D:2      | Reached skill level 6 in Poison Magic
  2748 | D:2      | Reached XP level 5. HP: 31/31 MP: 0/9
  3712 | D:4      | Found an ancient bone altar of Kikubaaqudgha.
  3841 | D:4      | Reached skill level 1 in Conjurations
  4099 | D:4      | Noticed dvd's ghost (amateur OpVM)
  4110 | D:4      | Killed dvd's ghost
  4110 | D:4      | Reached XP level 6. HP: 27/37 MP: 9/11
  4498 | D:4      | Reached skill level 1 in Fighting
  4661 | D:4      | Slain by an ogre

Vault maps used:
D:1:      sevenhm_arrival_forest_fort_large_2
D:2:      first_bread, serial_bayou_lagoon_a
D:4:      kiku_gazebo_garden_becter, st_stairs_8, corexii_shack

Skill      XL: |  1  2  3  4  5  6 |
---------------+-------------------+-----
Poison Magic   | 5 6 |  6.8
Stealth        | 3 4 |  4.3
Short Blades   | 1 |  1.6
Spellcasting   | 3 |  3.6
Conjurations   | 1 |  1.2
Fighting       | 1 |  1.0
Axes           | |  0.4
Dodging        | |  2.6

Action                   |  1- 3 |  4- 6 || total
-------------------------+-------+-------++-------
Melee: Short sword       |    47 |    38 ||    85
       Constrict         |    11 |    13 ||    24
       Tentacles         |     3 |     2 ||     5
       Hand axe          |       |    25 ||    25
 Cast: Sting             |    39 |    53 ||    92
       Olgreb's Toxic Ra |       |    20 ||    20
  Use: Scroll            |       |     6 ||     6
       Potion            |       |     1 ||     1
 Stab: Sleeping          |     1 |     8 ||     9
  Eat: Chunk             |     3 |    14 ||    17
Armor: Skin              |     5 |     3 ||     8
Dodge: Dodged            |    28 |    27 ||    55
